 Dungeon Crawl Stone Soup version 0.30.1 (webtiles) character file.

Game seed: 5630370133764616606

13762 Graphine the Fighter (level 12, -37/110 HPs)
             Began as a Hill Orc Fighter on July 9, 2023.
             Was an Elder of Beogh.
             Killed by an exploding elephant simulacrum (55 damage)
             ... ignited by their inner flame
             ... on level 3 of the Lair of Beasts.
             The game lasted 00:33:19 (10747 turns).

Graphine the Fighter (Hill Orc Fighter)            Turns: 10747, Time: 00:33:19

Health: -37/110    AC: 15    Str: 24    XL:     12   Next: 9%
Magic:  14/16      EV: 10    Int:  8    God:    Beogh [****..]
Gold:   629        SH:  6    Dex: 10    Spells: 14/17 levels left

rFire   x . .        a - +1 war axe
rCold   + + .        c - +0 buckler
rNeg    . . .        I - +2 ring mail {rC+}
rPois   +            s - +0 helmet
rElec   .            o - +2 cloak {Will+}
rCorr   .            p - +0 pair of gloves
SInv    .            (no boots)
Will    +....        A - amulet of regeneration Stlth
                     B - ring of ice
HPRegen 1.18/turn    b - ring of poison resistance
MPRegen 0.15/turn

%: no passive effects
@: hasted, very quick
A: no striking features
a: Renounce Religion, Smiting, Recall Orcish Followers


You were on level 3 of the Lair of Beasts.
You worshipped Beogh.
Beogh was greatly pleased with you.
You visited 2 branches of the dungeon, and saw 12 of its levels.

You collected 629 gold pieces.

Inventory:

Hand Weapons
 a - a +1 war axe (weapon)
 m - a +2 dagger of venom
Armour
 c - a +0 buckler (worn)
 j - the +0 ring mail of Impermeability {Drain rPois rC++ Str+3 Stlth+}
   (You found it on level 4 of the Dungeon)

   Str:       It affects your strength (+3).
   rC:        It greatly protects you from cold.
   rPois:     It protects you from poison.
   Drain:     It drains your maximum health when unequipped.
   Stlth:     It makes you more stealthy.
 o - a +2 cloak of willpower (worn)
 p - a +0 pair of gloves (worn)
 r - a +0 plate armour
 s - a +0 helmet (worn)
 I - a +2 ring mail of cold resistance (worn)
Jewellery
 b - a ring of poison resistance (right hand)
 y - an amulet of guardian spirit
 z - a ring of see invisible
 A - an amulet of regeneration (around neck)
 B - a ring of ice (left hand)
Wands
 C - a wand of polymorph (11)
 F - a wand of flame (9)
Scrolls
 e - 5 scrolls of teleportation
 n - a scroll of fear
 q - 3 scrolls of enchant armour
 w - 2 scrolls of magic mapping
 E - a scroll of identify
 G - a scroll of vulnerability
 H - a scroll of fog
Potions
 f - 4 potions of curing
 g - 2 potions of haste
 h - 2 potions of mutation
 i - 4 potions of brilliance
 k - 3 potions of flight
 t - a potion of attraction
 u - 3 potions of lignification
 v - 4 potions of heal wounds
 x - a potion of resistance
 D - a potion of invisibility


   Skills:
 + Level 11.1 Fighting
 - Level 11.0 Axes
 + Level 10.2 Armour
 + Level 10.2 Shields
 - Level 3.0 Spellcasting
 + Level 5.1 Hexes
 + Level 5.5 Fire Magic


You had 14 spell levels left.
You knew the following spells:

 Your Spells              Type           Power      Damage    Failure   Level
a - Inner Flame           Hex/Fire       9%         N/A       19%         3

Your spell library contained the following spells:

 Spells                   Type           Power      Damage    Failure   Level
 Apportation              Tloc           2%         N/A       45%         1
 Necrotise                Necr           4%         1d4       45%         1
 Summon Small Mammal      Summ           4%         N/A       45%         1
 Dazzling Flash           Conj/Hex       10%        N/A       50%         3
 Sublimation of Blood     Necr           1%         N/A       61%         2
 Wereblood                Tmut           1%         N/A       61%         2
 Flame Wave               Conj/Fire      5%         2d5       86%         4
 Sticky Flame             Conj/Fire      5%         2d3       86%         4
 Manifold Assault         Tloc           1%         N/A       99%         4
 Petrify                  Tmut/Erth      1%         N/A       99%         4
 Silence                  Hex/Air        2%         N/A       99%         5
 Agony                    Necr           1%         N/A       100%        5
 Irradiate                Conj/Tmut      0%         3d11      100%        5
 Dispersal                Tloc           0%         N/A       100%        6
 Summon Hydra             Summ           0%         N/A       100%        7
 Disjunction              Tloc           0%         N/A       100%        8


Dungeon Overview and Level Annotations

Branches:
Dungeon (9/15)             Temple (0/1) D:6            Lair (3/5) D:8
 Spider (0/4) Lair:2          Orc (0/2) D:9
  Swamp: Lair:2-3    Shoals: Lair:2-3

Altars:
Hepliaklqana
Ru
Sif Muna
Trog
Uskayaw

Shops:
D:8 *   D:9 !

Annotations:
Lair:3 LavenderCorpse's ghost, journeyman MiBe


Message History

Cleave: a) +1 war axe
Press: ? - help, Dir - move target, f - elephant simulacrum
Aim: an elephant simulacrum (freezing vapour, lightly damaged, inner flame, about 2% to evade your +1 war axe)
Okay, then.
What are your orders? t - Shout!
Orders for allies: a - Attack new target. r - Retreat! s - Stop attacking. g - Guard the area. f - Follow me.
Anything else - Cancel.
Retreat in which direction?
Press: ? - help, Dir - move target Fall back!
LavenderCorpse's ghost hits you but does no damage.
Cleave: a) +1 war axe
Press: ? - help, Dir - move target, f - elephant simulacrum
Aim: an elephant simulacrum (lightly damaged, inner flame, about 2% to evade your +1 war axe)
You slash the elephant simulacrum!
Flame seeps out of the elephant simulacrum.
The elephant simulacrum is moderately damaged.
You closely miss LavenderCorpse's ghost.
Cleave: a) +1 war axe
Press: ? - help, Dir - move target, f/p - elephant simulacrum
Aim: an elephant simulacrum (flame, moderately damaged, inner flame, about 2% to evade your +1 war axe)
You hit the elephant simulacrum.
Flame seeps out of the elephant simulacrum.
The elephant simulacrum is heavily damaged.
You slash the death yak simulacrum! You barely miss LavenderCorpse's ghost.
LavenderCorpse's ghost hits you!! LavenderCorpse's ghost burns you!!
* * * LOW HITPOINT WARNING * * *
The elephant simulacrum is engulfed in blazing flames.
Beogh accepts your kill.
The elephant simulacrum explodes!
The fiery explosion engulfs the death yak simulacrum!!!
The death yak simulacrum melts!
The death yak simulacrum vaporises!
Beogh accepts your kill. The fiery explosion engulfs you!!!
The fire burns you terribly!
Ouch! That really hurt!
You die...

###.............#
##......!###....# #....#####
#.... ###..###..... #...P
#P..##.Z.. ... #..P
##.[##....# #...#..#
###o..#....# ...#. #
#.....#....# ..##.#
###..o.@○Z..## ..#..# ##
#...#..§W§..# .#..#
###P##..####.'...# ##..#
##.......# #.#...## Z.#.#.
........## #.#....# #..#...
##.#.#..o####.##....###...#...
# ####...##P..###.......##..#
###........###...###..##
#...####...#####...##


You could see LavenderCorpse's ghost, a dream sheep simulacrum, a skyshark
simulacrum, the friendly Gorm the orc sorcerer and a friendly orc warrior.

Vanquished Creatures
  2 two-headed ogres
  A manticore (D:9)
  A torpor snail (Lair:2)
  2 cane toads (Lair:1)
  A komodo dragon (Lair:1)
  A freezing wraith (D:9)
  3 blink frogs (Lair:1)
  2 culicivoras (Lair:2)
  Sigmund (D:3)
  A wraith (D:9)
  A basilisk (Lair:1)
  A wyvern (Lair:1)
  17 yaks
  A fire bat (Lair:1)
  A steam dragon (D:8)
  A death yak simulacrum (Lair:3)
  2 water moccasins
  Duvessa (D:4)
  2 black bears (D:5)
  An ice beast (D:8)
  2 orc warriors (D:7)
  A black mamba simulacrum (Lair:3)
  An ogre (D:4)
  A centaur (D:9)
  3 wolves (Lair:1)
  3 kobold brigands
  A phantom (D:7)
  2 scorpions
  7 bullfrogs
  Dowan (D:4)
  An elephant simulacrum (Lair:3)
  3 killer bees (D:7)
  A howler monkey (D:7)
  2 electric eels (D:6)
  2 jellies
  3 hounds
  2 orc priests
  Crazy Yiuf (D:3)
  A gnoll bouda (D:8)
  A sleepcap (D:4)
  3 iguanas
  4 orc wizards
  Robin (D:4)
  13 adders
  11 gnolls
  4 shadow imps
  A white imp (D:6)
  An ufetubus (D:5)
  2 worms
  3 dart slugs
  16 orcs
  9 ball pythons
  8 bats
  3 endoplasms
  8 giant cockroaches
  17 goblins
  5 hobgoblins
  6 jackals
  21 kobolds
  3 quokkas (D:1)
  10 frilled lizards
  7 rats
238 creatures vanquished.

Vanquished Creatures (collateral kills)
  Erolcha (D:9)
  2 hydras (Lair:2)
  A komodo dragon (Lair:2)
  A blink frog (Lair:1)
  A culicivora (Lair:2)
  2 wyverns
  2 fire bats (Lair:1)
  8 yaks
  3 wolves (Lair:1)
  A gnoll sergeant (D:9)
  2 kobolds (D:9)
24 creatures vanquished.

Vanquished Creatures (others)
  2 orc warriors (Lair:1)
  A rime drake (Lair:3)
  An orc priest (Lair:1)
  2 orc wizards
  6 orcs
  A goblin (D:4)
13 creatures vanquished.

Grand Total: 275 creatures vanquished

Notes
Turn   | Place    | Note
-------+----------+-------------------------------------------
     0 | D:1      | Graphine the Hill Orc Fighter began the quest for the Orb.
     0 | D:1      | Reached XP level 1. HP: 19/19 MP: 1/1
   117 | D:1      | Reached XP level 2. HP: 27/27 MP: 2/2
   398 | D:1      | Reached XP level 3. HP: 30/33 MP: 3/3
  1528 | D:2      | Reached XP level 4. HP: 39/40 MP: 4/4
  2129 | D:3      | Found a hazy altar of Hepliaklqana.
  2129 | D:3      | Noticed Sigmund
  2138 | D:3      | Killed Sigmund
  2139 | D:3      | Reached skill level 5 in Axes
  2139 | D:3      | Reached skill level 1 in Spellcasting
  2139 | D:3      | Reached XP level 5. HP: 17/47 MP: 4/6
  2284 | D:3      | Reached XP level 6. HP: 23/53 MP: 7/7
  2605 | D:3      | Found a runed translucent door.
  2606 | D:3      | Noticed Crazy Yiuf
  2731 | D:3      | Killed Crazy Yiuf
  2815 | D:4      | Reached skill level 5 in Fighting
  2887 | D:4      | Found a sacrificial altar of Ru.
  3073 | D:4      | Noticed Robin
  3074 | D:4      | Became a worshipper of Beogh the Brigand
  3088 | D:4      | Killed Robin
  3118 | D:4      | Identified the +0 ring mail of Impermeability {Drain rPois
                  | rC++ Str+3 Stlth+}
  3127 | D:4      | Reached XP level 7. HP: 61/61 MP: 9/9
  3143 | D:4      | Noticed Dowan
  3145 | D:4      | Noticed Duvessa
  3153 | D:4      | Killed Duvessa
  3158 | D:4      | Killed Dowan
  3350 | D:4      | Reached skill level 5 in Armour
  3604 | D:5      | Entered Level 5 of the Dungeon
  3612 | D:5      | Reached skill level 5 in Shields
  3708 | D:5      | Reached * piety under Beogh
  3737 | D:5      | Reached XP level 8. HP: 40/69 MP: 11/11
  3888 | D:5      | Reached skill level 1 in Hexes
  3888 | D:5      | Reached skill level 1 in Fire Magic
  4082 | D:5      | Found a hide-covered altar of Uskayaw.
  4509 | D:6      | Found a staircase to the Ecumenical Temple.
  4616 | D:6      | Found a transporter.
  4634 | D:6      | Found a transporter.
  5535 | D:7      | Reached XP level 9. HP: 78/78 MP: 12/12
  5562 | D:7      | Reached ** piety under Beogh
  6178 | D:8      | Learned a level 3 spell: Inner Flame
  6178 | D:8      | Noticed a two-headed ogre
  6192 | D:8      | Killed a two-headed ogre
  6352 | D:8      | Found a shimmering blue altar of Sif Muna.
  6363 | D:8      | Found a staircase to the Lair.
  6467 | D:8      | Found Dozxaniz's Neck Hole.
  6492 | D:8      | Reached XP level 10. HP: 83/89 MP: 13/13
  6516 | D:8      | Found a bloodstained altar of Trog.
  6565 | D:8      | Reached *** piety under Beogh
  7069 | Lair:1   | Entered Level 1 of the Lair of Beasts
  7076 | Lair:1   | Noticed a cane toad
  7098 | Lair:1   | Killed a cane toad
  7282 | D:9      | Reached skill level 10 in Axes
  7524 | D:9      | Noticed Erolcha
  7540 | D:9      | Killed Erolcha
  7734 | D:9      | Noticed a manticore
  7743 | D:9      | Reached XP level 11. HP: 82/99 MP: 14/14
  7747 | D:9      | Killed a manticore
  7791 | D:9      | Reached skill level 10 in Fighting
  7855 | D:9      | Found a staircase to the Orcish Mines.
  8087 | D:9      | Found Reenur's Distillery.
  8094 | D:9      | Noticed a two-headed ogre
  8105 | D:9      | Killed a two-headed ogre
  8713 | Lair:1   | Gained Agrik as an ally
  9029 | Lair:1   | Your ally Agrik died
  9041 | Lair:1   | Reached **** piety under Beogh
  9569 | Lair:2   | Noticed a seven-headed hydra
  9578 | Lair:2   | Killed a seven-headed hydra
  9987 | Lair:2   | Reached skill level 10 in Armour
  9987 | Lair:2   | Reached skill level 10 in Shields
 10152 | Lair:2   | Found a hole to the Spider Nest.
 10163 | Lair:2   | Reached skill level 5 in Fire Magic
 10303 | Lair:2   | Noticed a six-headed hydra
 10312 | Lair:2   | Killed a six-headed hydra
 10313 | Lair:2   | Reached XP level 12. HP: 51/110 MP: 16/16
 10683 | Lair:3   | Found a runed translucent gate.
 10683 | Lair:3   | Found a runed translucent gate.
 10683 | Lair:3   | Found a runed translucent gate.
 10720 | Lair:3   | Reached skill level 5 in Hexes
 10720 | Lair:3   | Noticed LavenderCorpse's ghost (journeyman MiBe)
 10720 | Lair:3   | Gained Gorm as an ally
 10747 | Lair:3   | Killed by an exploding elephant simulacrum... ignited by
                  | their inner flame

Illustrated notes

Levels and vault maps discovered:
D:1:      wheals_arrival_linesprint, layout_basic
D:2:      layout_basic, minmay_misc_feat_iff, chequers_serial_rivers_micro_b,
          minmay_misc_feat_rugged
D:3:      layout_rooms, worldfamousw_hep_ancestral_shrine, uniq_sigmund,
          uniq_crazy_yiuf_cottage
D:4:      layout_basic, kennysheep_little_box, uniq_duvessa, uniq_robin
D:5:      layout_rooms, mainiacjoe_overflow_chevrons, kennysheep_nondescript
D:6:      gammafunk_steamed_eel, layout_basic, minmay_temple_entry_proselytizer,
          eino_small_chamber_without_monster, minmay_lizard_king
D:7:      layout_cave_pools, chequers_serial_rivers_micro_b
D:8:      layout_cave_pods, nicolae_sif_muna_condensation, trog_book,
          dpeg_oklobed_lair, nicolae_shop_sticking_my_neck_out
D:9:      kennysheep_big_flooded_room, layout_basic, orc_0_dummy, serial_shops,
          shop, serial_aquarium, aquarium_bridge_long_separate
          [aquarium_subvault_window, aquarium_subvault_balcony,
          aquarium_subvault_bridge, aquarium_subvault_bridge,
          aquarium_subvault_bridge, aquarium_subvault_bridge],
          aquarium_window_fake, aquarium_window_fake, aquarium_window_fake,
          aquarium_window_fake, aquarium_view_2c, aquarium_balcony_1b,
          nicolae_hexahallways, uniq_erolcha
Lair:1:   layout_regular_city, nicolae_volcano_entry_batcave,
          grunt_forest_stairs_basic, st_stairs_7, small_statue_intersection,
          grunt_megastairs_3, lemuel_fruit_fields
Lair:2:   layout_cave_pods, hellmonk_spider_entry_life_and_decay,
          cheibrodos_lair_caveside_slide, chequers_serial_rivers_micro_b,
          chequers_serial_rivers_marsh, st_stairs_7
Lair:3:   layout_layer_cave, swamp_mist, gammafunk_ghost_icy,
          cheibrodos_lair_reptile_den, serial_bayou_shore_b

Skill      XL: |  1  2  3  4  5  6  7  8  9 10 11 12 |
---------------+-------------------------------------+-----
Axes           | 3 4 5 6 7 8 9 11 | 11.0
Fighting       | 4 5 6 8 9 11 | 11.1
Armour         | 4 5 7 9 10 | 10.2
Shields        | 4 5 7 9 10 | 10.2
Spellcasting   | 1 2 3 |  3.0
Hexes          | 2 3 4 5 |  5.1
Fire Magic     | 2 3 5 |  5.5

Action                     |  1- 3 |  4- 6 |  7- 9 | 10-12 || total
---------------------------+-------+-------+-------+-------++-------
  Melee: War axe           |   130 |   127 |   300 |   316 ||   873
         Dagger            |       |       |       |    11 ||    11
   Cast: Inner Flame       |       |       |       |     2 ||     2
 Invoke: Convert to Beogh  |       |     1 |       |       ||     1
  Evoke: Wand              |       |     5 |     9 |       ||    14
    Use: Scroll            |     6 |     9 |     8 |     3 ||    26
         Potion            |       |     3 |     4 |     7 ||    14
   Stab: Confused          |       |       |       |     2 ||     2
         Paralysed         |       |       |       |     2 ||     2
 Armour: Scale mail        |    61 |    73 |   149 |   141 ||   424
         Ring mail         |       |       |       |    48 ||    48
  Dodge: Dodged            |    60 |    63 |   139 |   161 ||   423
  Block: Buckler           |    28 |    22 |    83 |    97 ||   230
